 Dungeon Crawl Stone Soup version 0.29-a0-577-gafbf2c5d25 (webtiles) character file.

Game seed: 1814179270613334570

143 frogsbabysitter the Chopper (level 5, 0/47 HPs)
             Began as a Hill Orc Monk on June 14, 2022.
             Slain by an orc
             ... wielding a +0 trident
              (2 damage)
             ... on level 4 of the Dungeon.
             The game lasted 00:09:05 (2758 turns).

frogsbabysitter the Chopper (Hill Orc Monk)         Turns: 2758, Time: 00:09:07

Health: 0/47       AC:  9    Str: 16    XL:     5   Next: 25%
Magic:  5/5        EV:  7    Int: 10    God:
Gold:   200        SH:  0    Dex: 13    Spells: 4/4 levels left

rFire   x . .      SeeInvis .   r - +0 war axe
rCold   + . .      Faith    .   w - orb {guile}
rNeg    + . .      Spirit   .   e - +0 chain mail
rPois   .          Reflect  .   (no helmet)
rElec   .          Harm     .   (no cloak)
rCorr   .          Rampage  .   o - +0 pair of gloves
Will    .....                   (no boots)
Stlth   ..........              (no amulet)
HPRegen 0.15/turn               f - ring of positive energy
MPRegen 0.09/turn               z - ring of ice

@: no status effects
A: no striking features
a: Convert to Beogh


You were on level 4 of the Dungeon.
You visited 1 branch of the dungeon, and saw 4 of its levels.

You collected 200 gold pieces.

Inventory:

Hand Weapons
 a - a +0 hand axe
 r - a +0 war axe (weapon)
Missiles
 h - 48 stones
 k - 2 javelins
 m - 4 poisoned darts (quivered)
 n - a throwing net
 v - 4 atropa-tipped darts
Armour
 b - a +0 robe
 e - a +0 chain mail (worn)
 o - a +0 pair of gloves (worn)
 w - an orb of guile (worn)
Jewellery
 f - a ring of positive energy (left hand)
 z - a ring of ice (right hand)
Scrolls
 i - 4 scrolls of identify {unknown}
 j - 2 scrolls of noise {unknown}
 q - a scroll of teleportation {unknown}
 u - 2 scrolls of poison {unknown}
 x - a scroll of enchant weapon {unknown}
 y - a scroll of vulnerability {unknown}
Potions
 c - 2 potions of ambrosia
 d - a potion of haste {unknown}
 g - 3 potions of attraction {unknown}
 l - 2 potions of heal wounds {unknown}
 p - a potion of mutation {unknown}
 s - a potion of magic {unknown}
 t - a potion of curing {unknown}


   Skills:
 + Level 4.7 Fighting
 * Level 6.2 Axes
 * Level 2.1 Armour
 - Level 2.4 Dodging
 - Level 1.5 Stealth


You had 4 spell levels left.
You didn't know any spells.
Your spell library was empty.

Dungeon Overview and Level Annotations

Branches:
Dungeon (4/15)
 Temple: D:4-7

Altars:
Zin


Message History

Pain shoots through your body! The orc hits you but does no damage.
You see here the felid corpse of Natasha.
The orc attacks as you move away! The orc hits you with a +0 short sword.
You slash the orc!
You kill the orc!
The orc hits you from afar with a +0 trident.
The orc hits you with a +0 trident. Something hits you.
You hit the orc.
The orc is severely wounded.
You hit something. The orc barely misses you.
The orc hits you with a +0 trident. Something hits you.
You slash the orc priest!
The orc priest is heavily wounded.
You hit the orc but do no damage. You miss something.
Something hits you but does no damage.
The orc priest hits you but does no damage.
The orc hits you with a +0 trident!
You hit the orc priest.
The orc priest is severely wounded.
You barely miss something. You barely miss the orc.
The orc priest calls upon Beogh to heal the orc.
The orc's wounds heal themselves!
The orc hits you with a +0 trident. Something hits you but does no damage.
You hit the orc priest.
The orc priest is almost dead.
You barely miss the orc. You barely miss something.
The orc priest hits you with a +0 flail!
* * * LOW HITPOINT WARNING * * *
The orc hits you with a +0 trident.
* * * LOW HITPOINT WARNING * * *
Something hits you.
* * * LOW HITPOINT WARNING * * *
You closely miss the orc priest.
The orc priest is almost dead.
You hit something but do no damage. You barely miss the orc.
Something hits you.
* * * LOW HITPOINT WARNING * * *
The orc priest casts a cantrip, but nothing happens.
The orc hits you with a +0 trident.
You die...

..≈≈≈≈≈≈≈≈≈....... .....#
#....§........##### .....#
########'.###.......
....###.........# #.....###
#..............# #........
#.........o....# #.....##
#..............# #.....#
#####..........##+####.#'#####
...............o@....))..........
#.....########.o{....#.#.####....
#..... ............#.#.# ##....
#..... ............#.#.# #.....
#..... .............#.#.# #.....
#..... #########'####.#.# #.....
#.oS.. #.####.#.###..... #.o...
#................
######.##........


You could see an orc priest and an orc.

Vanquished Creatures
  Natasha (D:4)
  4 adders
  3 worms (D:2)
  2 dart slugs
  3 orcs
  18 bats
  5 endoplasms
  2 giant cockroaches
  5 goblins
  4 hobgoblins
  5 kobolds
  3 quokkas
  5 ball pythons
  3 frilled lizards (D:2)
  6 rats
69 creatures vanquished.

Notes
Turn   | Place    | Note
-------+----------+-------------------------------------------
     0 | D:1      | frogsbabysitter the Hill Orc Monk began the quest for the
                  | Orb.
     0 | D:1      | Reached XP level 1. HP: 19/19 MP: 1/1
   265 | D:1      | Reached XP level 2. HP: 25/27 MP: 2/2
   486 | D:1      | Found a faded altar of an unknown god.
   771 | D:1      | Reached skill level 5 in Axes
   796 | D:1      | Reached XP level 3. HP: 30/33 MP: 3/3
  1579 | D:2      | Reached XP level 4. HP: 32/41 MP: 4/4
  1841 | D:2      | Reached skill level 1 in Armour
  2166 | D:3      | Noticed Natasha
  2389 | D:3      | Noticed a scorpion
  2661 | D:4      | Found a glowing silver altar of Zin.
  2680 | D:4      | Killed Natasha
  2681 | D:4      | Reached skill level 6 in Axes
  2681 | D:4      | Reached XP level 5. HP: 43/47 MP: 5/5
  2758 | D:4      | HP: 2/47 [something (4)]
  2758 | D:4      | Slain by an orc

Illustrated notes

Levels and vault maps discovered:
D:1:      wheals_arrival_shading, layout_loops_ring,
          hellmonk_ecumenical_altar_run_dry, minmay_pentomino_x2
D:2:      layout_loops_ring, nicolae_wormholes
D:3:      layout_loops_ring, roderic_batcave, uniq_crazy_yiuf_cottage,
          uniq_natasha, uniq_ijyb
D:4:      layout_basic, mainiacjoe_overflow_concentric_impassable

Skill      XL: |  1  2  3  4 |
---------------+-------------+-----
Fighting       | 4 |  4.7
Axes           | 5 6 |  6.2
Armour         | 2 |  2.1
Dodging        | |  2.4
Stealth        | |  1.5

Action                   |  1- 3 |  4- 6 || total
-------------------------+-------+-------++-------
Melee: Hand axe          |    89 |       ||    89
       Punch             |     2 |     1 ||     3
       War axe           |    30 |    86 ||   116
Armor: Chain mail        |    92 |    94 ||   186
Dodge: Dodged            |    34 |    39 ||    73

Table legend: (Time is in decaauts)
 A = Elapsed time spent in this place.
 B = Non-inter-level travel time spent in this place.
 C = Inter-level travel time spent in this place.
 D = Time resting spent in this place.
 E = Time spent auto-exploring this place.
 F = Levels seen in this place.
 G = Mean time per level.
                   A        B        C        D        E       F      G
               +--------+--------+--------+--------+--------+-----+--------+
         Total |   2786 |   2715 |     71 |    379 |   1169 |   4 |  696.5 |
       Dungeon |   2786 |   2715 |     71 |    379 |   1169 |   4 |  696.5 |
               +--------+--------+--------+--------+--------+-----+--------+

Top non-repeatable levels by time:
     D:2: 1189 daAuts
     D:1: 932 daAuts
     D:4: 369 daAuts
     D:3: 295 daAuts
